 Dungeon Crawl Stone Soup version 0.30.1-4-g462c640d31 (webtiles) character file.

Game seed: 7901153162112761300

94 Babbit the Chopper (level 4, -3/60 HPs)
             Began as a Minotaur Fighter on Aug 25, 2023.
             Slain by Crazy Yiuf
             ... wielding a +2 quarterstaff of chaos
              (4 damage)
             ... on level 3 of the Dungeon.
             The game lasted 00:03:39 (1438 turns).

Babbit the Chopper (Minotaur Fighter)               Turns: 1438, Time: 00:03:39

Health: -3/60      AC:  8    Str: 23    XL:     4   Next: 38%
Magic:  3/3        EV:  9    Int:  5    God:
Gold:   129        SH:  4    Dex:  9    Spells: 3/3 levels left

rFire   + . .        a - +0 war axe
rCold   + . .        c - +0 buckler
rNeg    . . .        b - +0 scale mail
rPois   +            (helmet restricted)
rElec   +            (no cloak)
rCorr   +            (no gloves)
SInv    .            f - +0 pair of boots
Will    .....        (no amulet) Stlth
                     (no ring)
HPRegen 0.30/turn    (no ring)
MPRegen 0.08/turn

%: no passive effects
@: berserking, resistant, very quick
A: horns 2, retaliatory headbutt
a: no special abilities


You were on level 3 of the Dungeon.
You visited 1 branch of the dungeon, and saw 3 of its levels.

You collected 129 gold pieces.

Inventory:

Hand Weapons
 a - a +0 war axe (weapon)
Armour
 b - a +0 scale mail (worn)
 c - a +0 buckler (worn)
 f - a +0 pair of boots (worn)
Scrolls
 e - 2 scrolls of identify {unknown}
 g - a scroll of immolation {unknown}
 j - a scroll of teleportation {unknown}
 k - a scroll of enchant armour {unknown}
Potions
 d - 2 potions of might
 h - 2 potions of curing {unknown}
 i - 2 potions of degeneration {unknown}


   Skills:
 + Level 4.0 Fighting
 + Level 4.4 Axes
 + Level 4.1 Armour
 + Level 0.9 Dodging
 + Level 4.1 Shields


You had 3 spell levels left.
You didn't know any spells.
Your spell library was empty.

Dungeon Overview and Level Annotations

Branches:
Dungeon (3/15)

Altars:

Shops:
D:1 [

Annotations:
D:3 Crazy Yiuf


Innate Abilities, Weirdness & Mutations

You have a pair of horns on your head.
You reflexively headbutt those who attack you in melee.


Message History

You kill the bat!
No target in view!
Things that are here:
a +0 war axe; a +0 leather armour; an orc corpse
k - a scroll labelled ADA SEKYLY
Found a stone staircase leading down.
d - 2 potions of might (gained 1)
Found 8 stones.
You see here 8 stones.
Found a runed translucent door.
As you open the door, it creaks loudly!
You hit Crazy Yiuf.
Crazy Yiuf is lightly wounded.
Crazy Yiuf hits you with a +2 quarterstaff of chaos!
You are electrocuted!
You hit Crazy Yiuf.
Crazy Yiuf is moderately wounded.
You block Crazy Yiuf's attack.
You hit Crazy Yiuf but do no damage.
Crazy Yiuf is moderately wounded.
Crazy Yiuf laughs, "Mountain!
Whippet sow light."
Crazy Yiuf closely misses you.
Crazy Yiuf hits you with a +2 quarterstaff of chaos!
* * * LOW HITPOINT WARNING * * *
You barely miss Crazy Yiuf.
Crazy Yiuf is moderately wounded.
Crazy Yiuf hits you with a +2 quarterstaff of chaos!
* * * LOW HITPOINT WARNING * * *
A red film seems to cover your vision as you go berserk!
You feel yourself moving faster!
You feel mighty!
Unknown command.
You hit Crazy Yiuf.
Crazy Yiuf is heavily wounded.
Crazy Yiuf hits you with a +2 quarterstaff of chaos.
* * * LOW HITPOINT WARNING * * *
You feel protected.
You closely miss Crazy Yiuf.
Crazy Yiuf is heavily wounded.
Crazy Yiuf hits you with a +2 quarterstaff of chaos.
You die...

.......# .......# .#.....#
######## ### ..########
♣♣♣♣♣### #........# ###
♣♣♣.♣..#.## #######.>#
#...#♣..♣......##
.........#
#...g@♣♣♣♣......#
#..#####.# #)..#♣♣
♣♣.#...# ...#..##.# ###
♣♣##..# ##.......# #.##
#.......# #.#
#.##....################(#
.....##..................#
.#########################


You could see Crazy Yiuf.

Vanquished Creatures
  An orc priest (D:3)
  2 adders (D:2)
  A worm (D:2)
  A dart slug (D:2)
  5 orcs (D:3)
  3 endoplasms
  A giant cockroach (D:2)
  3 goblins
  5 hobgoblins (D:2)
  A kobold (D:1)
  A quokka (D:1)
  2 ball pythons (D:2)
  5 bats
  3 frilled lizards (D:2)
  4 rats (D:2)
38 creatures vanquished.

Notes
Turn   | Place    | Note
-------+----------+-------------------------------------------
     0 | D:1      | Babbit the Minotaur Fighter began the quest for the Orb.
     0 | D:1      | Reached XP level 1. HP: 19/19 MP: 0/0
   148 | D:1      | Found Atifun's Antique Armour Shop.
   725 | D:2      | Reached XP level 2. HP: 21/27 MP: 1/1
   906 | D:2      | Reached XP level 3. HP: 31/33 MP: 2/2
  1251 | D:3      | Reached XP level 4. HP: 23/40 MP: 3/3
  1428 | D:3      | Found a runed translucent door.
  1429 | D:3      | Noticed Crazy Yiuf
  1437 | D:3      | HP: 1/60 [Crazy Yiuf/+2 quarterstaff of chaos (5)]
  1438 | D:3      | Slain by Crazy Yiuf

Illustrated notes

Levels and vault maps discovered:
D:1:      amcnicky_arrival_feature_with_door, layout_basic, serial_shops, shop
D:2:      layout_basic, due_unseen_surprise
D:3:      layout_rooms, uniq_crazy_yiuf_cottage, uniq_grinder

Skill      XL: |  1  2  3  4 |
---------------+-------------+-----
Axes           | 3 4 |  4.4
Shields        | 4 |  4.1
Armour         | 4 |  4.1
Fighting       | 4 |  4.0
Dodging        | |  0.9

Action                     |  1- 3 |  4- 6 || total
---------------------------+-------+-------++-------
  Melee: War axe           |    68 |    27 ||    95
         Headbutt          |     7 |     4 ||    11
    Use: Scroll            |     1 |       ||     1
 Armour: Scale mail        |    45 |    10 ||    55
  Dodge: Dodged            |    40 |    12 ||    52
  Block: Buckler           |    19 |     3 ||    22
